 Dungeon Crawl Stone Soup version 0.28-a0-1624-g820543e53a (webtiles) character file.

Game seed: 14629429624136322711

12581 belegose the Covert (level 11, -8/52 (55) HPs)
             Began as a Spriggan Abyssal Knight on Jan 23, 2022.
             Was a Priest of Lugonu.
             Mangled by an ice devil (13 damage)
             ... summoned by an orc sorcerer
             ... on level 2 of the Orcish Mines.
             The game lasted 01:05:08 (22706 turns).

belegose the Covert (Spriggan Abyssal Knight)      Turns: 22706, Time: 01:05:08

HP:   -8/52 (55)    AC:  7    Str: 11    XL:     11   Next: 64%
MP:   19/19         EV: 21    Int: 14    God:    Lugonu [***...]
Gold: 987           SH:  0    Dex: 16    Spells: 14/20 levels left

rFire   . . .      SeeInvis +   a - +5 dagger (freeze)
rCold   . . .      Faith    .   (no shield)
rNeg    . . .      Spirit   .   c - +0 acid dragon scales
rPois   .          Reflect  .   (helmet restricted)
rElec   .          Harm     .   g - +0 cloak
rCorr   +          Rampage  .   (gloves unavailable)
Will    +....      Archmagi +   (boots unavailable)
Stlth   ++++......              m - amulet of magic regeneration
HPRegen 0.17/turn               h - +4 ring of slaying
MPRegen 0.56/turn               v - ring of the Mage {Wiz Archmagi}

@: drained, very quick
A: very small, no large weapons, unfitting armour, see invisible, speed 3
a: Renounce Religion, Depart the Abyss, Bend Space, Banish


You were on level 2 of the Orcish Mines.
You worshipped Lugonu.
Lugonu was most pleased with you.
You visited 3 branches of the dungeon, and saw 13 of its levels.
You visited the Abyss 1 time.
You also visited: Ossuary and Bailey.

You collected 987 gold pieces.

Inventory:

Hand Weapons
 a - a +5 dagger of freezing (weapon)
 C - a +0 hunting sling
 I - a +0 long sword of flaming
 K - a +3 scimitar
Missiles
 e - 292 stones
 r - 97 bolts
 B - 10 poisoned darts (quivered)
 R - 4 boomerangs
Armour
 c - +0 acid dragon scales (worn)
 g - a +0 cloak (worn)
 i - a +0 robe of willpower
Jewellery
 h - a +4 ring of slaying (left hand)
 l - an amulet of faith
 m - an amulet of magic regeneration (around neck)
 v - the ring of the Mage (right hand) {Wiz Archmagi}
   (You found it on level 4 of the Dungeon)

   [ring of wizardry]

   It improves your spell success rate.
   Archmagi:  It increases the power of your magical spells.
 A - a ring of protection from fire
 N - a ring of fire
 V - a ring of ice
Wands
 L - a wand of digging (6)
 M - a wand of iceblast (4)
Scrolls
 f - 4 scrolls of torment {unknown}
 k - 4 scrolls of vulnerability {unknown}
 p - 3 scrolls of enchant weapon {unknown}
 q - 11 scrolls of teleportation
 s - a scroll of brand weapon {unknown}
 w - 2 scrolls of immolation {unknown}
 x - 2 scrolls of fog {unknown}
 y - a scroll of enchant armour {unknown}
 F - a scroll of silence {unknown}
 G - 3 scrolls of noise {unknown}
 H - 2 scrolls of amnesia {unknown}
 O - a scroll of summoning {unknown}
 Q - a scroll of holy word {unknown}
Potions
 d - 6 potions of flight
 j - a potion of brilliance
 n - 9 potions of curing
 o - 7 potions of heal wounds
 t - a potion of berserk rage
 u - a potion of haste
 z - a potion of mutation {unknown}
 D - 2 potions of lignification {unknown}
 E - a potion of ambrosia {unknown}
 P - a potion of degeneration {unknown}
 S - a potion of cancellation {unknown}
 T - a potion of experience {unknown}
Miscellaneous
 U - a box of beasts (inert)


   Skills:
 - Level 5.1 Fighting
 - Level 6.3 Short Blades
 - Level 3.0 Armour
 + Level 8.8 Dodging
 + Level 10.0 Stealth
 - Level 5.0 Spellcasting
 - Level 4.0 Conjurations
 - Level 5.0 Air Magic
 - Level 5.0 Poison Magic
 - Level 8.6 Invocations
 - Level 5.6 Evocations


You had 14 spell levels left.
You knew the following spells:

 Your Spells              Type           Power      Damage    Failure   Level
a - Summon Guardian Gole  Hex/Summ       5%         N/A       30%         3
b - Mephitic Cloud        Conj/Pois/Air  24%        N/A       4%          3

Your spell library contained the following spells:

 Spells                   Type           Power      Damage    Failure   Level
 Magic Dart               Conj           88%        1d7       1%          1
 Searing Ray              Conj           44%        2d6       3%          2
 Beastly Appendage        Tmut           10%        N/A       11%         1
 Freeze                   Ice            20%        1d4       11%         1
 Summon Small Mammal      Summ           20%        N/A       11%         1
 Spider Form              Tmut/Pois      15%        N/A       12%         3
 Scorch                   Fire           10%        2d5       16%         2
 Wereblood                Tmut           5%         N/A       16%         2
 Ignite Poison            Fire/Tmut/Pois 12%        N/A       16%         3
 Call Canine Familiar     Summ           5%         N/A       30%         3
 Frozen Ramparts          Ice            10%        1d3       30%         3
 Portal Projectile        Hex/Tloc       10%        N/A       30%         3
 Flame Wave               Conj/Fire      13%        2d6       41%         4
 Fulminant Prism          Conj/Hex       6%         3d7       41%         4
 Hailstorm                Conj/Ice       13%        3d5       41%         4
 Freezing Cloud           Conj/Ice/Air   8%         6-21      61%         5
 Leda's Liquefaction      Hex/Erth       2%         N/A       67%         4
 Summon Cactus Giant      Summ           2%         N/A       100%        6


Dungeon Overview and Level Annotations

Branches:
Dungeon (10/15)            Temple (1/1) D:7            Lair (0/6) D:8
    Orc (2/2) D:9             Elf (0/3) Orc:2       Ossuary (visited)
 Bailey (visited)

Altars:
Ashenzari
Cheibriados
Elyvilon
Fedhas
Gozag
Hepliaklqana
Kikubaaqudgha
Makhleb
Okawaru
Qazlal
Sif Muna
Trog
Vehumet
Xom
Yredelemnul
The Shining One

Annotations:
D:5 Menkaure
D:8 exclusion: downstairs
Abyss:1 Grinder


Innate Abilities, Weirdness & Mutations

You are very small and have problems with some larger weapons.
You are too small for most types of armour.
You have supernaturally acute eyesight. (SInv)
You cover ground extremely quickly. (Speed+++)


Message History

Unknown command.
You climb downwards.
There is a stone staircase leading up here.
An orc sorcerer comes into view.
It is wielding a +0 dagger of holy wrath.
Okay, then.
There is a stone staircase leading up here.
There is a stone staircase leading up here.
Things that are here:
a +0 chain mail; a +0 halberd
Things that are here:
a +0 chain mail; a +0 halberd
Things that are here:
a +0 ring mail; a +0 dagger The orc sorcerer shouts!
The orc sorcerer gestures at you while chanting.
The bolt of negative energy misses you.
The orc sorcerer points at you and mumbles some strange words.
The bolt of fire hits you!!
Things that are here:
a +3 chain mail of poison resistance; a +0 long sword; an orc skeleton You hit the orc sorcerer.
You freeze the orc sorcerer. Your punch misses the orc sorcerer.
The orc sorcerer is lightly wounded.
The orc sorcerer completely misses you.
You puncture the orc sorcerer! You freeze the orc sorcerer.
The orc sorcerer is moderately wounded.
You hit the orc sorcerer. You freeze the orc sorcerer.
The orc sorcerer is heavily wounded.
The orc sorcerer mumbles some strange words.
You puncture the orc sorcerer! You freeze the orc sorcerer.
The orc sorcerer is almost dead.
The orc sorcerer casts a spell at you. The bolt of negative energy hits you!!
You feel drained.
Ouch! That really hurt!
* * * LOW HITPOINT WARNING * * *
Unknown command.
You completely miss the orc sorcerer. Your punch misses the orc sorcerer.
The orc sorcerer is almost dead.
The ice devil hits you!
You die...

......................#.####
...........##.#.........##.##
...........###...#.#........#
............###.#######.##.##
...........#.######## ######
..............####..##
..............#.#....####
........)........4......##
........)[....).@o.......#
.................###.....#
........<.[..[...)#.##...#
..............#[.[...##.##
...............#.#....### ####
####################...####..##
##..##.....# ##........####
#.........##.#


You could see an ice devil (summoned) and an orc sorcerer.

Vanquished Creatures
  Pikel (D:4)
  Maggie (D:6)
  A komodo dragon (D:10)
  Sigmund (D:4)
  A shadow (D:9)
  2 wyverns
  14 yaks
  A steam dragon (D:8)
  5 wargs
  3 water moccasins
  A black bear (D:6)
  2 ice beasts (D:6)
  8 orc warriors
  2 necrophages
  3 ogres
  4 lemures
  2 centaurs
  A phantom (Temple)
  An elf zombie (Ossuary)
  A kobold brigand (D:6)
  2 bullfrogs
  A wyvern zombie (D:6)
  A scorpion (D:6)
  A water moccasin zombie (D:7)
  A wyvern skeleton (D:7)
  6 killer bees (D:9)
  7 wights (D:7)
  4 howler monkeys
  4 centaur zombies
  3 bullfrog zombies
  2 jellies
  2 hounds
  A human zombie (D:7)
  10 orc priests
  Crazy Yiuf (D:4)
  A bullfrog skeleton (D:5)
  2 centaur skeletons
  Ijyb (D:5)
  4 iguanas
  18 orc wizards
  A killer bee zombie (D:7)
  A hound skeleton (D:4)
  5 mummies
  A howler monkey zombie (D:7)
  6 gnolls
  A howler monkey skeleton (D:5)
  2 adders
  2 ufetubi
  2 adder zombies (Ossuary)
  3 dart slugs
  46 orcs
  6 ball pythons
  5 endoplasms
  3 giant cockroaches
  13 goblins
  9 hobgoblins
  6 jackals
  6 kobolds
  3 quokkas
  7 bats
  3 frilled lizards (D:1)
  A gnoll zombie (Ossuary)
  2 goblin zombies (Ossuary)
  3 hobgoblin zombies (Ossuary)
  5 kobold zombies (Ossuary)
  A quokka zombie (Ossuary)
  4 rats
  3 rat zombies (Ossuary)
277 creatures vanquished.

Vanquished Creatures (collateral kills)
  A troll (D:9)
1 creature vanquished.

Vanquished Creatures (others)
  A quokka (D:6)
1 creature vanquished.

Grand Total: 279 creatures vanquished

Notes
Turn   | Place    | Note
-------+----------+-------------------------------------------
     0 | Abyss:1  | belegose the Spriggan Abyssal Knight began the quest for
                  | the Orb.
     0 | Abyss:1  | Reached XP level 1. HP: 11/11 MP: 3/3
    29 | Abyss:1  | Noticed an ancient zyme
    31 | D:1      | Escaped the Abyss
    96 | D:1      | Found a faded altar of an unknown god.
   200 | D:1      | Reached skill level 1 in Stealth
   240 | D:1      | Reached XP level 2. HP: 10/16 MP: 4/4
   535 | D:1      | Reached * piety under Lugonu
  1148 | D:1      | Reached XP level 3. HP: 19/19 MP: 5/5
  1699 | D:2      | Reached skill level 2 in Stealth
  2252 | D:2      | Reached XP level 4. HP: 17/23 MP: 6/6
  3163 | D:3      | Found a bloodstained altar of Trog.
  3704 | D:3      | Reached ** piety under Lugonu
  3829 | D:3      | Reached skill level 3 in Stealth
  4072 | D:3      | Reached XP level 5. HP: 26/28 MP: 8/8
  4769 | D:4      | Noticed Sigmund
  4809 | D:4      | Found the ring of the Mage {Wiz Archmagi}
  5086 | D:3      | Reached XP level 6. HP: 31/32 MP: 9/9
  5245 | D:4      | Reached skill level 4 in Stealth
  5385 | D:4      | Found a shimmering altar of Xom.
  5509 | D:4      | Found a runed translucent door.
  5510 | D:4      | Noticed Crazy Yiuf
  5585 | D:4      | Found a hazy altar of Hepliaklqana.
  5665 | D:4      | Killed Crazy Yiuf
  5913 | D:5      | Entered Level 5 of the Dungeon
  5929 | D:4      | Reached skill level 5 in Dodging
  6162 | D:5      | Noticed Menkaure
  6489 | D:5      | Noticed Ijyb
  6510 | D:5      | Noticed Pikel
  6520 | D:5      | Killed Ijyb
  6642 | D:5      | Reached XP level 7. HP: 22/37 MP: 10/10
  6942 | D:4      | Reached skill level 5 in Stealth
  6942 | D:4      | Reached skill level 1 in Evocations
  7890 | D:6      | Found a white marble altar of Elyvilon.
  8038 | D:6      | Found a sand-covered staircase.
  8045 | Ossuary  | Entered an ossuary
  8641 | Ossuary  | Reached *** piety under Lugonu
  8951 | D:6      | Reached XP level 8. HP: 42/42 MP: 12/12
  8956 | D:6      | Noticed Grinder
  8974 | D:6      | Reached skill level 6 in Stealth
  8976 | D:6      | Banished Grinder
  8977 | D:6      | Reached skill level 5 in Short Blades
 10160 | D:6      | Noticed Maggie
 10289 | D:6      | Killed Maggie
 10290 | D:6      | Reached skill level 7 in Stealth
 10290 | D:6      | Reached skill level 5 in Invocations
 10999 | D:6      | Learned a level 3 spell: Summon Guardian Golem
 11691 | D:4      | Killed Sigmund
 11692 | D:4      | Reached XP level 9. HP: 41/46 MP: 13/13
 12490 | D:4      | Killed Pikel
 12491 | D:4      | Reached skill level 1 in Armour
 12491 | D:4      | Reached skill level 8 in Stealth
 12491 | D:4      | Reached skill level 5 in Evocations
 12728 | D:6      | Reached skill level 5 in Fighting
 13294 | D:6      | Learned a level 3 spell: Mephitic Cloud
 13393 | D:7      | Found a staircase to the Ecumenical Temple.
 13405 | Temple   | Entered the Ecumenical Temple
 13721 | D:7      | Reached skill level 1 in Spellcasting
 13834 | D:7      | Reached skill level 1 in Poison Magic
 13919 | D:7      | Reached skill level 1 in Air Magic
 14657 | D:7      | Found an ancient bone altar of Kikubaaqudgha.
 15085 | D:8      | Found a shimmering blue altar of Sif Muna.
 15307 | D:7      | Reached XP level 10. HP: 43/51 MP: 14/16
 15772 | D:8      | Found a burning altar of Makhleb.
 15773 | D:8      | Found a stormy altar of Qazlal.
 15774 | D:8      | Found a glowing golden altar of the Shining One.
 15842 | D:8      | Found a staircase to the Lair.
 15893 | D:8      | Reached **** piety under Lugonu
 16721 | D:9      | Found a flagged portal.
 16747 | Bailey   | Entered a bailey
 16863 | Bailey   | Found a large runed translucent door.
 16863 | Bailey   | Found a large runed translucent door.
 16865 | Bailey   | Noticed a deep elf zephyrmancer
 16865 | Bailey   | Noticed an orc knight
 17052 | Bailey   | HP: 2/51 [orc warrior (29)]
 17061 | Bailey   | Banished an orc knight
 17062 | Bailey   | Reached skill level 1 in Conjurations
 17084 | Bailey   | HP: 2/51 [orc (4)]
 17576 | Bailey   | Banished a deep elf zephyrmancer
 17732 | D:9      | Found a staircase to the Orcish Mines.
 18656 | D:10     | Entered Level 10 of the Dungeon
 18917 | D:10     | Noticed a cyan ugly thing
 18925 | D:10     | Noticed a two-headed ogre
 18927 | D:10     | Banished a cyan ugly thing
 19254 | D:10     | Reached XP level 11. HP: 55/55 MP: 18/18
 19326 | D:10     | Banished a two-headed ogre
 19476 | D:10     | Reached skill level 5 in Spellcasting
 20480 | Orc:1    | Entered Level 1 of the Orcish Mines
 20754 | D:9      | Reached skill level 5 in Poison Magic
 20991 | Orc:2    | Entered Level 2 of the Orcish Mines
 21200 | Orc:2    | Found a staircase to the Elven Halls.
 22049 | Orc:2    | Noticed an orc knight
 22057 | Orc:2    | Banished an orc knight
 22058 | Orc:2    | Reached skill level 9 in Stealth
 22058 | Orc:2    | Reached skill level 5 in Air Magic
 22223 | Orc:2    | Noticed an orc high priest
 22235 | Orc:2    | Banished an orc high priest
 22555 | Orc:2    | Reached skill level 10 in Stealth
 22680 | Orc:2    | Noticed an orc sorcerer
 22706 | Orc:2    | Mangled by an ice devil

Illustrated notes

Levels and vault maps discovered:
D:1:      lemuel_arrival_river_bridge, layout_loops_ring,
          basic_ecumenical_altar, minmay_tiny_reverse_x
D:2:      layout_loops_corners
D:3:      layout_basic, general_overflow_altar, serial_glass, glass_columns_a,
          glass_columns_b, glass_columns_a, glass_columns_b, glass_columns_b,
          glass_columns_b
D:4:      layout_cave_pools, mainiacjoe_overflow_catwalk, lemuel_doored_altar,
          serial_column_ruins, column_ruins_hut, column_ruins_hut_ruined,
          column_ruins_columns_straight, column_ruins_grid_4,
          column_ruins_grid_3, column_ruins_open_tiny, minmay_crystal_water,
          uniq_sigmund, uniq_crazy_yiuf_cottage
D:5:      layout_rooms, uniq_menkaure, uniq_pikel, uniq_ijyb
D:6:      layout_basic, elyvilon_altar_4, enter_ossuary_5, uniq_grinder,
          uniq_maggie
D:7:      layout_layer_cave, lemuel_mausoleum_altar_kikubaaqudgha,
          minmay_temple_entry_mini_moons
D:8:      layout_cave_pools, nicolae_overflow_crystal_walls,
          chequers_temple_overflow_statue_of_worship, erik_lair_orcish_takeover,
          kennysheep_potato
D:9:      layout_long_grid, orc_0_dummy, enter_bailey_5
D:10:     layout_basic, minmay_misc_feat_iff, kennysheep_generic_room_14
Temple:   dshaligram_water_room_temple
Orc:1:    layout_caves, nicolae_orc_sculptors_studio
Orc:2:    st_orc_congregation, layout_caves

Skill      XL: |  1  2  3  4  5  6  7  8  9 10 11 |
---------------+----------------------------------+-----
Stealth        | 1 2 3 4 5 7 8 10 | 10.0
Invocations    | 2 3 4 5 6 8 |  8.6
Dodging        | 4 5 6 7 8 |  8.8
Short Blades   | 3 4 5 6 |  6.3
Fighting       | 3 4 5 |  5.1
Evocations     | 2 4 5 |  5.6
Armour         | 1 3 |  3.0
Spellcasting   | 3 4 5 |  5.0
Poison Magic   | 2 3 5 |  5.0
Air Magic      | 2 3 5 |  5.0
Conjurations   | 3 4 |  4.0

Action                   |  1- 3 |  4- 6 |  7- 9 | 10-12 || total
-------------------------+-------+-------+-------+-------++-------
Melee: Short sword       |   135 |   104 |       |       ||   239
       Punch             |       |     3 |    11 |     7 ||    21
       Rapier            |       |    49 |   310 |    97 ||   456
       Dagger            |       |       |    89 |   376 ||   465
Throw: Stone             |     2 |    41 |    48 |    22 ||   113
       Dart              |       |     4 |    26 |    39 ||    69
       Boomerang         |       |       |       |     3 ||     3
Invok: Depart the Abyss  |     1 |       |       |       ||     1
       Banish            |       |       |     2 |    11 ||    13
       Bend Space        |       |       |     1 |       ||     1
Evoke: Wand              |       |       |     2 |     1 ||     3
       Box of beasts     |       |       |       |     1 ||     1
  Use: Scroll            |       |       |       |     8 ||     8
 Stab: Sleeping          |     5 |     5 |    19 |     5 ||    34
       Distracted        |     1 |       |       |       ||     1
       Paralysed         |       |       |     3 |       ||     3
Armor: Robe              |    10 |    14 |    11 |       ||    35
       Acid dragon scale |       |       |    26 |    46 ||    72
Dodge: Dodged            |   107 |   117 |   238 |   269 ||   731

Table legend: (Time is in decaauts)
 A = Elapsed time spent in this place.
 B = Non-inter-level travel time spent in this place.
 C = Inter-level travel time spent in this place.
 D = Time resting spent in this place.
 E = Time spent auto-exploring this place.
 F = Levels seen in this place.
 G = Mean time per level.
                   A        B        C        D        E       F      G
               +--------+--------+--------+--------+--------+-----+--------+
         Total |  17432 |  16677 |    755 |   6067 |   5156 |  16 | 1089.5 |
       Dungeon |  14453 |  13712 |    741 |   4486 |   5094 |  10 | 1445.3 |
        Temple |     19 |     12 |      7 |      0 |      0 |   1 |   19.0 |
  Orcish Mines |   1658 |   1651 |      7 |    894 |     61 |   2 |  829.0 |
         Abyss |     18 |     18 |      0 |      0 |      0 |   1 |   18.0 |
       Ossuary |    607 |    607 |      0 |    406 |      0 |   1 |  607.0 |
        Bailey |    675 |    675 |      0 |    280 |      0 |   1 |  675.0 |
               +--------+--------+--------+--------+--------+-----+--------+

Top non-repeatable levels by time:
     D:4: 2406 daAuts
     D:6: 2385 daAuts
     D:7: 1488 daAuts
     D:2: 1347 daAuts
     D:9: 1334 daAuts
     D:1: 1253 daAuts
     D:3: 1229 daAuts
     D:5: 1129 daAuts
   Orc:2: 1100 daAuts
    D:10: 1019 daAuts
     D:8: 859 daAuts
  Bailey: 675 daAuts
 Ossuary: 607 daAuts
   Orc:1: 557 daAuts
  Temple: 19 daAuts
